AoeStats
← Will.I.Am

Arena

504590899Analyzed
2v2 RM · 25d ago on Sep 5, 2026· 30m 2s· 4 players
Game mode
Random Map
Map size
Medium (4 player)
Population
200
Speed
Normal
Resources
Standard
Victory
Conquest
Starting age
Dark Age
Ending age
Imperial Age
RankedLock teamsTeams togetherTeam positionsShared explorationLock speedFull tech treeHidden civsTurbo modeCheats
Victory
Defeat
🇹🇷 Malians · Türkiye
1055
+15
🇧🇷 Franks · Brazil
1031
+16
🇦🇺 Magyars · Australia
1061
-17
🇨🇴 Berbers · Colombia
991
-14
Linhares
10:31 Feudal Age
9:28 Loom
14:30 Castle Age
21:34 Double-Bit Axe
24:29 Bow Saw
25:06 Forging
26:11 Fletching
27:03 Bodkin Arrow
28:45 Gold Mining
30:07 Wheelbarrow
FreshCarp8370
10:09 Feudal Age
15:28 Castle Age
14:04 Double-Bit Axe
14:43 Loom
19:15 Bow Saw
18:46 Horse Collar
19:00 Gold Mining
19:41 Heavy Plow
23:09 Gold Shaft Mining
29:46 Imperial Age
30:05 Wheelbarrow
29:34 Scale Mail Armor
29:51 Forging
Will.I.Am
10:53 Feudal Age
9:10 Loom
15:56 Castle Age
14:42 Double-Bit Axe
14:39 Horse Collar
16:29 Gold Mining
18:02 Bow Saw
21:14 Padded Archer Armor
LeonSuarez
12:20 Feudal Age
16:19 Castle Age
14:34 Double-Bit Axe
14:56 Horse Collar
16:32 Forging
17:06 Loom
19:39 Wheelbarrow
22:39 Heavy Plow
26:06 Fletching
28:28 Bow Saw
29:19 Bodkin Arrow
Connection lost

Rejoining the realm…

Still unreachable

The connection could not be restored.

Session expired

The server has moved on; the page needs a fresh start.